 Dungeon Crawl Stone Soup version 0.28.0-49-g6dfe1f597d (webtiles) character file.

Game seed: 7372817028508426917

315 Cral the Caller (level 6, 0/48 HPs)
             Began as a Deep Elf Summoner on May 18, 2022.
             Slain by Robin
             ... wielding a +0 dagger
              (2 damage)
             ... on level 3 of the Dungeon.
             The game lasted 00:07:55 (3437 turns).

Cral the Caller (Deep Elf Summoner)                 Turns: 3437, Time: 00:07:56

Health: 0/48       AC:  4    Str:  5    XL:     6   Next: 19%
Magic:  17/17      EV: 12    Int: 22    God:
Gold:   102        SH:  0    Dex: 15    Spells: 12/18 levels left

rFire   + . .      SeeInvis .   h - +1 scythe (protect)
rCold   + . .      Faith    .   (shield currently unavailable)
rNeg    . . .      Spirit   .   i - +2 robe {rC+ rF+}
rPois   .          Reflect  .   (no helmet)
rElec   .          Harm     .   (no cloak)
rCorr   .          Rampage  .   (no gloves)
Will    .....                   (no boots)
Stlth   ..........              (no amulet)
HPRegen 0.16/turn               (no ring)
MPRegen 0.15/turn               (no ring)

@: brilliant, berserking, very quick
A: no striking features
a: no special abilities


You were on level 3 of the Dungeon.
You visited 1 branch of the dungeon, and saw 3 of its levels.

You collected 102 gold pieces.

Inventory:

Hand Weapons
 h - a +1 scythe of protection (weapon)
Armour
 i - a +2 robe of resistance (worn)
Jewellery
 j - a ring of magical power
Wands
 n - a wand of polymorph (8)
Scrolls
 c - a scroll of amnesia {unknown}
 e - a scroll of teleportation {unknown}
 f - 4 scrolls of identify {unknown}
 l - a scroll of fear {unknown}
Potions
 d - a potion of degeneration {unknown}
 g - a potion of lignification {unknown}
 k - a potion of ambrosia {unknown}
 m - 2 potions of attraction {unknown}
 o - 2 potions of heal wounds {unknown}
 p - 3 potions of curing


   Skills:
 - Level 2.4 Dodging
 - Level 2.4 Stealth
 + Level 6.5 Spellcasting
 + Level 6.6 Summonings


You had 12 spell levels left.
You knew the following spells:

 Your Spells              Type           Power      Damage    Failure   Level
a - Summon Small Mammal   Summ           100%       N/A       1%          1
b - Call Imp              Summ           53%        N/A       1%          2
c - Call Canine Familiar  Summ           53%        N/A       1%          3

Your spell library contained the following spells:

 Spells                   Type           Power      Damage    Failure   Level
 Summon Guardian Golem    Hex/Summ       32%        N/A       7%          3
 Summon Lightning Spire   Summ/Air       32%        N/A       22%         4


Dungeon Overview and Level Annotations

Branches:
Dungeon (3/15)

Altars:

Annotations:
D:3 Robin


Message History

The goblin barely misses you. The goblin misses you.
The goblin completely misses you. The goblin barely misses you.
It was a potion of berserk rage.
A red film seems to cover your vision as you go berserk!
You feel yourself moving faster!
You feel mighty!
The hobgoblin no longer looks unusually strong.
The goblin hits you with a +0 dagger.
* * * LOW HITPOINT WARNING * * *
Robin roars a battlecry!
The goblin goes into a battle-frenzy!
The goblin hits you but does no damage. The goblin barely misses you. x2
You slash the goblin!
Your weapon exudes an aura of protection.
You kill the goblin!
The hobgoblin no longer looks unusually strong.
Your crimson imp misses the rat.
Robin throws the goblin at you! The goblin hits you but does no damage.
The goblin misses you.
Your crimson imp closely misses the rat.
The goblin hits you but does no damage.
You closely miss the goblin. Robin completely misses you.
The goblin closely misses you. The hobgoblin closely misses you.
The goblin closely misses you. The goblin misses you.
Unknown command.
You completely miss the goblin.
The goblin no longer looks unusually strong.
Robin hits you but does no damage. The goblin hits you with a +0 club.
* * * LOW HITPOINT WARNING * * *
The hobgoblin barely misses you. The goblin hits you but does no damage.
Your crimson imp closely misses the rat.
The goblin barely misses you. The goblin hits you with a +0 club.
* * * LOW HITPOINT WARNING * * *
Robin hits you but does no damage. The hobgoblin misses you.
The goblin barely misses you.
Your crimson imp blinks!
You barely miss the goblin.
The hobgoblin no longer looks unusually strong. x2
The goblin hits you with a +0 dagger.
* * * LOW HITPOINT WARNING * * *
Robin hits you with a +0 dagger.
You die...

..+ #.# #.# #.# #.#
#####.. . #.# ##ggg.
...
##'#########gg###.....
#.......#..g@grr......
#.........###g####....
#.........# ### .
#.......#.#
#.......#.#
#.........#
##'#####..# #.# ....
######.# #####


You could see Robin, 4 hobgoblins, 3 goblins and 2 rats.

Vanquished Creatures
  A goblin (D:3)
1 creature vanquished.

Vanquished Creatures (collateral kills)
  Sigmund (D:2)
  Natasha (thrice) (D:2)
  3 adders (D:2)
  2 worms (D:2)
  2 dart slugs
  6 orcs
  6 ball pythons
  4 endoplasms (D:1)
  3 goblins
  5 hobgoblins
  4 jackals (D:2)
  7 bats
  4 frilled lizards
  3 kobolds
  A rat (D:1)
54 creatures vanquished.

Grand Total: 55 creatures vanquished

Notes
Turn   | Place    | Note
-------+----------+-------------------------------------------
     0 | D:1      | Cral the Deep Elf Summoner began the quest for the Orb.
     0 | D:1      | Reached XP level 1. HP: 10/10 MP: 6/6
   304 | D:1      | Reached XP level 2. HP: 15/15 MP: 4/8
   318 | D:1      | Learned a level 2 spell: Call Imp
  1503 | D:1      | Reached skill level 5 in Summonings
  1503 | D:1      | Reached XP level 3. HP: 19/19 MP: 7/10
  1507 | D:1      | Learned a level 3 spell: Call Canine Familiar
  1956 | D:2      | Noticed Sigmund
  1977 | D:2      | Killed Sigmund
  1978 | D:2      | Reached skill level 5 in Spellcasting
  1978 | D:2      | Reached XP level 4. HP: 24/24 MP: 1/13
  1978 | D:2      | Reached XP level 5. HP: 28/28 MP: 1/15
  2156 | D:2      | Noticed Natasha
  2179 | D:2      | Killed Natasha
  2300 | D:2      | Found a faded altar of an unknown god.
  2343 | D:2      | Noticed Natasha
  2377 | D:2      | Killed Natasha
  2473 | D:2      | Noticed Natasha
  2513 | D:2      | Killed Natasha
  2514 | D:2      | Reached XP level 6. HP: 32/32 MP: 7/17
  3426 | D:3      | Noticed Robin
  3437 | D:3      | HP: 2/48 [goblin/+0 dagger[Robin] (2)]
  3437 | D:3      | Slain by Robin

Illustrated notes

Levels and vault maps discovered:
D:1:      dpeg_arrival_round_a, layout_loops_ring, minmay_close_crescents
D:2:      layout_basic, hellmonk_ecumenical_altar_leap_of_faith,
          minmay_split_cup_small, uniq_sigmund, uniq_natasha
D:3:      layout_basic, general_overflow_altar, gup_sewer_entry_bowl, uniq_robin

Skill      XL: |  1  2  3  4  5 |
---------------+----------------+-----
Spellcasting   | 4 5 6 |  6.5
Summonings     | 5 6 |  6.6
Dodging        | |  2.4
Stealth        | |  2.4

Action                   |  1- 3 |  4- 6 || total
-------------------------+-------+-------++-------
Melee: Scythe            |       |    10 ||    10
 Cast: Summon Small Mamm |    40 |     7 ||    47
       Call Imp          |    27 |    15 ||    42
       Call Canine Famil |     2 |    13 ||    15
  Use: Potion            |       |     2 ||     2
Armor: Robe              |     7 |    18 ||    25
Dodge: Dodged            |    19 |    41 ||    60
